NYP
TRI-CITY VALLEYCATS @ VERMONT LAKE MONSTERS
07/24/2045
 
TOP OF THE 1ST
Tri-City ValleyCats batting - Pitching for Vermont Lake Monsters : LHP Shane Stratton
Pitching: LHP Shane Stratton
Batting: RHB Masaru Konno 0-0: Hit by Pitch
Batting: RHB Sam Spohn 0-0: Called Strike
0-1: Foul Ball, location: 2F
0-2: Strikes out swinging
Batting: LHB Bob Dietz 0-0: Ball
Masaru Konno steals 2nd base (no throw)
1-0: Ball
2-0: Ball
3-0: Called Strike
3-1: Swinging Strike
3-2: Strikes out looking
Batting: RHB Chris McGrath 0-0: Called Strike
0-1: Swinging Strike
0-2: Ball
1-2: Foul Ball, location: 2F
1-2: Ball
2-2: SINGLE (Groundball, 5D, EV 94.4 MPH)
Masaru Konno to third
Runner from 3rd tries for Home, SAFE, throw by LF to home
Chris McGrath to second
Batting: RHB Jorge Gutierrez 0-0: Called Strike
0-1: Hit by Pitch
Batting: RHB Jordan Williams 0-0: Ball
1-0: Foul Ball, location: 2F
1-1: Swinging Strike
1-2: Foul Ball, location: 2F
1-2: Ball
2-2: Strikes out swinging
Top of the 1st over - 1 run, 1 hit, 0 errors, 2 left on base; Tri-City 1 - Vermont 0
BOTTOM OF THE 1ST
Vermont Lake Monsters batting - Pitching for Tri-City ValleyCats : RHP David Toellner
Pitching: RHP David Toellner
Batting: RHB Armando Estrada 0-0: Foul Ball, location: 2F
0-1: Ground out 6-3 (Groundball, 6, EV 80.0 MPH)
Batting: LHB Juan Villafana 0-0: Called Strike
0-1: Swinging Strike
0-2: Ball
1-2: Ball
2-2: Ball
3-2: Ground out 4-3 (Groundball, 4M, EV 83.8 MPH)
Batting: LHB Chance Stever 0-0: Ball
1-0: Ground out 4-3 (Groundball, 34, EV 102.5 MPH)
Bottom of the 1st over - 0 runs, 0 hits, 0 errors, 0 left on base; Tri-City 1 - Vermont 0
TOP OF THE 2ND
Tri-City ValleyCats batting - Pitching for Vermont Lake Monsters : LHP Shane Stratton
Batting: RHB Workneh Lagat 0-0: Called Strike
0-1: Ball
1-1: TRIPLE (Line Drive, 78XD, EV 108.8 MPH)
Batting: RHB Mike Koch 0-0: Foul Ball, location: 2F
0-1: Ball
1-1: Ball
2-1: Ground out 6-3 (Groundball, 6, EV 103.8 MPH)
Workneh Lagat scores
Batting: LHB Lou Toth 0-0: Ball
1-0: Fly out, F7 (Flyball, 7D, EV 104.4 MPH)
Batting: RHB Masaru Konno 0-0: Foul Ball, location: 2F
0-1: Ball
1-1: Foul Ball, location: 2F
1-2: Ball
2-2: Strikes out swinging
Top of the 2nd over - 1 run, 1 hit, 0 errors, 0 left on base; Tri-City 2 - Vermont 0
BOTTOM OF THE 2ND
Vermont Lake Monsters batting - Pitching for Tri-City ValleyCats : RHP David Toellner
Batting: RHB Jonathan Gallup 0-0: Ball
1-0: Fly out, F4 (Popup, 3S, EV 78.8 MPH)
Batting: LHB Lee Gerken 0-0: Foul Ball, location: 2F
0-1: Foul Ball, location: 2F
0-2: Fly out, F1 (Line Drive, P, EV 61.2 MPH)
Batting: RHB Eduardo Chavez 0-0: Ball
1-0: Ball
2-0: Ball
3-0: Base on Balls
Batting: LHB Jonathan McDaniel 0-0: Ball
1-0: Called Strike
1-1: Ball
Eduardo Chavez is caught stealing 2nd base 2-6
Bottom of the 2nd over - 0 runs, 0 hits, 0 errors, 0 left on base; Tri-City 2 - Vermont 0
TOP OF THE 3RD
Tri-City ValleyCats batting - Pitching for Vermont Lake Monsters : LHP Shane Stratton
Batting: RHB Sam Spohn 0-0: Ball
1-0: Ball
2-0: Ball
3-0: Called Strike
3-1: Ground out 5-3 (Groundball, 56S, EV 80.0 MPH)
Batting: LHB Bob Dietz 0-0: Called Strike
0-1: Foul Ball, location: 2F
0-2: Foul Ball, location: 2F
0-2: Ball
1-2: Foul Ball, location: 2F
1-2: Fly out, F8 (Line Drive, 8LM, EV 94.4 MPH)
Batting: RHB Chris McGrath 0-0: Called Strike
0-1: Ball
1-1: Fly out, F4 (Popup, 34, EV 60.0 MPH)
Top of the 3rd over - 0 runs, 0 hits, 0 errors, 0 left on base; Tri-City 2 - Vermont 0
BOTTOM OF THE 3RD
Vermont Lake Monsters batting - Pitching for Tri-City ValleyCats : RHP David Toellner
Batting: LHB Jonathan McDaniel 0-0: Called Strike
0-1: Bunt missed!
0-2: SINGLE (Line Drive, 9S, EV 106.9 MPH)
Batting: RHB Hidetada Iba 0-0: Called Strike
Jonathan McDaniel steals 2nd base (no throw)
0-1: Ball
1-1: Foul Ball, location: 2F
1-2: Ground out U3 (Groundball, 34S, EV 81.9 MPH)
Jonathan McDaniel to third
Batting: RHB Antonio Bautista 0-0: Called Strike
0-1: Ball
1-1: Swinging Strike
1-2: Strikes out swinging
Batting: RHB Armando Estrada 0-0: Ball
1-0: Called Strike
1-1: Foul Ball, location: 2F
1-2: Ball
2-2: Foul Ball, location: 2F
2-2: Ball
3-2: Fly out, F8 (Flyball, 8RD, EV 80.0 MPH)
Bottom of the 3rd over - 0 runs, 1 hit, 0 errors, 1 left on base; Tri-City 2 - Vermont 0
TOP OF THE 4TH
Tri-City ValleyCats batting - Pitching for Vermont Lake Monsters : LHP Shane Stratton
Batting: RHB Jorge Gutierrez 0-0: Ball
1-0: Ball
2-0: Called Strike
2-1: Ball
3-1: Called Strike
3-2: Foul Ball, location: 2F
3-2: Foul Ball, location: 2F
3-2: Foul Ball, location: 2F
3-2: Strikes out swinging
Batting: RHB Jordan Williams 0-0: Ball
1-0: Foul Ball, location: 2F
1-1: Ground out 5-3 (Groundball, 15, EV 82.5 MPH)
Batting: RHB Workneh Lagat 0-0: Foul Ball, location: 2F
0-1: Foul Ball, location: 2F
0-2: Strikes out looking
Top of the 4th over - 0 runs, 0 hits, 0 errors, 0 left on base; Tri-City 2 - Vermont 0
BOTTOM OF THE 4TH
Vermont Lake Monsters batting - Pitching for Tri-City ValleyCats : RHP David Toellner
Batting: LHB Juan Villafana 0-0: Ball
1-0: Ball
2-0: Ball
3-0: Base on Balls
Batting: LHB Chance Stever 0-0: Ball
Juan Villafana steals 2nd base
1-0: Called Strike
1-1: Ground out 5-3 (Groundball, 56, EV 99.4 MPH)
Batting: RHB Jonathan Gallup 0-0: Ball
Wild Pitch!
Juan Villafana to third
1-0: Called Strike
1-1: Called Strike
1-2: Ball
2-2: Ball
3-2: Ground out 6-3 (Groundball, 6, EV 104.4 MPH)
Juan Villafana scores
Batting: LHB Lee Gerken 0-0: Swinging Strike
0-1: Foul Ball, location: 2F
0-2: Strikes out swinging
Bottom of the 4th over - 1 run, 0 hits, 0 errors, 0 left on base; Tri-City 2 - Vermont 1
TOP OF THE 5TH
Tri-City ValleyCats batting - Pitching for Vermont Lake Monsters : LHP Shane Stratton
Batting: RHB Mike Koch 0-0: Ball
1-0: Called Strike
1-1: Foul Ball, location: 2F
1-2: Strikes out swinging
Batting: LHB Lou Toth 0-0: Called Strike
0-1: Ground out 3-1 (Groundball, 34, EV 87.5 MPH)
Batting: RHB Masaru Konno 0-0: Ball
1-0: Called Strike
1-1: Called Strike
1-2: Ball
2-2: Foul Ball, location: 2F
2-2: SINGLE (Groundball, 3D, EV 100.0 MPH)
Batting: RHB Sam Spohn 0-0: Ball
1-0: Called Strike
1-1: Called Strike
1-2: Ball
Masaru Konno steals 2nd base (no throw)
2-2: Hit by Pitch
Batting: LHB Bob Dietz 0-0: Called Strike
0-1: Foul Ball, location: 2F
0-2: Strikes out looking
Top of the 5th over - 0 runs, 1 hit, 0 errors, 2 left on base; Tri-City 2 - Vermont 1
BOTTOM OF THE 5TH
Vermont Lake Monsters batting - Pitching for Tri-City ValleyCats : RHP David Toellner
Batting: RHB Eduardo Chavez 0-0: Swinging Strike
0-1: SINGLE (Groundball, 56D, EV 99.4 MPH)
Batting: LHB Jonathan McDaniel 0-0: Ball
1-0: Ball
2-0: Reached on error, E1 (Groundball, 15S, EV 68.1 MPH)
Eduardo Chavez to second
Batting: RHB Hidetada Iba 0-0: Called Strike
0-1: Swinging Strike
0-2: SINGLE (Groundball, 34D, EV 97.5 MPH)
Eduardo Chavez to third
Jonathan McDaniel to second
Batting: RHB Antonio Bautista 0-0: Ball
1-0: Ball
2-0: Swinging Strike
2-1: Ball
3-1: Fielders Choice at 2nd, 3-6 (Groundball, 34, EV 80.0 MPH)
Eduardo Chavez scores
Jonathan McDaniel to third
Batting: RHB Armando Estrada 0-0: Called Strike
0-1: Called Strike
0-2: Ball
1-2: Strikes out looking
Batting: LHB Juan Villafana 0-0: Called Strike
0-1: Foul Ball, location: 2F
0-2: SINGLE (Line Drive, 8RS, EV 108.1 MPH)
Jonathan McDaniel scores
Antonio Bautista to second
Batting: LHB Chance Stever 0-0: Called Strike
0-1: 3-RUN HOME RUN (Flyball, 9D, EV 99.4 MPH), Distance : 384 ft
Pitching: LHP T.J. Westover
Batting: RHB Jonathan Gallup 0-0: Ball
1-0: Ball
2-0: Ball
3-0: Called Strike
3-1: Base on Balls
Batting: LHB Lee Gerken 0-0: Ball
1-0: SINGLE (Groundball, 3D, EV 94.4 MPH)
Jonathan Gallup to second
Runner from 2nd tries for 3rd, SAFE, throw by RF made to third
Batting: RHB Eduardo Chavez 0-0: 3-RUN HOME RUN (Flyball, 7D, EV 98.8 MPH), Distance : 388 ft
Batting: LHB Jonathan McDaniel 0-0: Ball
1-0: Swinging Strike
1-1: Fly out, F8 (Flyball, 8LXD, EV 101.9 MPH)
Bottom of the 5th over - 8 runs, 6 hits, 1 error, 0 left on base; Tri-City 2 - Vermont 9
TOP OF THE 6TH
Tri-City ValleyCats batting - Pitching for Vermont Lake Monsters : LHP Shane Stratton
Pitching: RHP Ace Gaskins
Batting: RHB Chris McGrath 0-0: Ball
1-0: Ground out 6-3 (Groundball, 6S, EV 66.2 MPH)
Batting: RHB Jorge Gutierrez 0-0: Called Strike
0-1: Ground out 6-3 (Groundball, 56, EV 96.2 MPH)
Batting: RHB Jordan Williams 0-0: Ground out 6-3 (Groundball, P, EV 91.2 MPH)
Top of the 6th over - 0 runs, 0 hits, 0 errors, 0 left on base; Tri-City 2 - Vermont 9
BOTTOM OF THE 6TH
Vermont Lake Monsters batting - Pitching for Tri-City ValleyCats : LHP T.J. Westover
Batting: RHB Hidetada Iba 0-0: Ball
1-0: Swinging Strike
1-1: Ball
2-1: Ball
3-1: Swinging Strike
3-2: Base on Balls
Batting: RHB Antonio Bautista 0-0: Called Strike
0-1: Called Strike
0-2: Foul Ball, location: 2F
0-2: Ball
1-2: Ball
2-2: Ball
3-2: Base on Balls
Hidetada Iba to second
Batting: RHB Armando Estrada 0-0: TRIPLE (Flyball, 78XD, EV 113.8 MPH)
Hidetada Iba scores
Antonio Bautista scores
Batting: LHB Juan Villafana 0-0: SINGLE (Groundball, 4MD, EV 98.8 MPH)
Armando Estrada scores
Pitching: LHP Mike Cobb
Batting: LHB Chance Stever 0-0: Ball
1-0: Foul Ball, location: 2F
1-1: Swinging Strike
1-2: Ball
2-2: Foul Ball, location: 2F
2-2: Ball
3-2: Base on Balls
Juan Villafana to second
Batting: RHB Jonathan Gallup 0-0: Ball
1-0: Ball
2-0: Called Strike
2-1: Swinging Strike
2-2: Ball
3-2: Base on Balls
Juan Villafana to third
Chance Stever to second
Batting: LHB Lee Gerken 0-0: Called Strike
0-1: DOUBLE (Flyball, 8LXD, EV 108.1 MPH)
Juan Villafana scores
Chance Stever scores
Jonathan Gallup to third
Batting: RHB Eduardo Chavez 0-0: Ball
Passed Ball!
Jonathan Gallup scores
Lee Gerken to third
1-0: Ground out 6-3 (Groundball, 6M, EV 83.8 MPH)
Lee Gerken scores
Batting: LHB Jonathan McDaniel 0-0: SINGLE (Groundball, 56D, EV 105.0 MPH)
Batting: RHB Hidetada Iba 0-0: Called Strike
0-1: Foul Ball, location: 2F
0-2: Ball
1-2: Strikes out swinging
Batting: RHB Antonio Bautista 0-0: Foul Ball, location: 2F
0-1: Swinging Strike
0-2: Ball
1-2: Strikes out looking
Bottom of the 6th over - 7 runs, 4 hits, 0 errors, 1 left on base; Tri-City 2 - Vermont 16
TOP OF THE 7TH
Tri-City ValleyCats batting - Pitching for Vermont Lake Monsters : RHP Ace Gaskins
Pinch Hitting: SHB Salvador Gomez 0-0: Foul Ball, location: 2F
0-1: Foul Ball, location: 2F
0-2: Ball
1-2: SOLO HOME RUN (Flyball, 89XD, EV 102.5 MPH), Distance : 405 ft
Batting: RHB Mike Koch 0-0: Called Strike
0-1: Foul Ball, location: 2F
0-2: Strikes out swinging
Batting: LHB Lou Toth 0-0: Ball
1-0: Called Strike
1-1: Called Strike
1-2: Foul Ball, location: 2F
1-2: Strikes out swinging
Batting: RHB Masaru Konno 0-0: Called Strike
0-1: Swinging Strike
0-2: Strikes out swinging
Top of the 7th over - 1 run, 1 hit, 0 errors, 0 left on base; Tri-City 3 - Vermont 16
BOTTOM OF THE 7TH
Vermont Lake Monsters batting - Pitching for Tri-City ValleyCats : LHP Mike Cobb
Now at 2B: Salvador Gomez
Pinch Hitting: RHB Fathi Addae 0-0: Called Strike
0-1: Swinging Strike
0-2: Foul Ball, location: 2F
0-2: Ball
1-2: Strikes out swinging
Pinch Hitting: RHB Carlos Martinez 0-0: Ball
1-0: Ball
2-0: Ball
3-0: Base on Balls
Pinch Hitting: LHB Youp van Erp 0-0: Ball
1-0: Ball
2-0: Fielders Choice at 2nd, 4-6 (Groundball, 4, EV 81.2 MPH)
Batting: RHB Jonathan Gallup 0-0: Called Strike
0-1: Called Strike
0-2: Ball
1-2: Fly out, F7 (Line Drive, 7D, EV 100.6 MPH)
Bottom of the 7th over - 0 runs, 0 hits, 0 errors, 1 left on base; Tri-City 3 - Vermont 16
TOP OF THE 8TH
Tri-City ValleyCats batting - Pitching for Vermont Lake Monsters : RHP Ace Gaskins
Now at 2B: Fathi Addae
Now at SS: Hidetada Iba
Now in LF: Youp van Erp
Now in CF: Carlos Martinez
Batting: RHB Sam Spohn 0-0: Called Strike
0-1: Foul Ball, location: 2F
0-2: Ball
1-2: Strikes out swinging
Batting: LHB Bob Dietz 0-0: Swinging Strike
0-1: Swinging Strike
0-2: Foul Ball, location: 2F
0-2: Ball
1-2: Foul Ball, location: 2F
1-2: Foul Ball, location: 2F
1-2: Foul Ball, location: 2F
1-2: Strikes out swinging
Batting: RHB Chris McGrath 0-0: Called Strike
0-1: Ball
1-1: Ground out 5-3 (Groundball, 5S, EV 88.1 MPH)
Top of the 8th over - 0 runs, 0 hits, 0 errors, 0 left on base; Tri-City 3 - Vermont 16
BOTTOM OF THE 8TH
Vermont Lake Monsters batting - Pitching for Tri-City ValleyCats : LHP Mike Cobb
Pinch Hitting: RHB Brian Rathbun 0-0: Fly out, F9 (Flyball, 9, EV 93.1 MPH)
Pinch Hitting: LHB Jose Zamarripa 0-0: Ball
1-0: Called Strike
1-1: Ball
2-1: Swinging Strike
2-2: Strikes out swinging
Batting: LHB Jonathan McDaniel 0-0: Ball
1-0: Called Strike
1-1: SINGLE (Groundball, 34D, EV 96.9 MPH)
Batting: RHB Hidetada Iba 0-0: Foul Ball, location: 2F
0-1: Ball
1-1: Ball
2-1: Foul Ball, location: 2F
2-2: Foul Ball, location: 2F
2-2: Ball
3-2: Foul Ball, location: 2F
3-2: Foul Ball, location: 2F
3-2: Base on Balls
Jonathan McDaniel to second
Pitching: RHP Jamie Jennings
Batting: RHB Antonio Bautista 0-0: Called Strike
0-1: Foul Ball, location: 2F
Balk!
Jonathan McDaniel to third
Hidetada Iba to second
0-2: Ball
1-2: Hit by Pitch
Batting: RHB Fathi Addae 0-0: Ground out 5-3 (Groundball, 56S, EV 79.4 MPH)
Bottom of the 8th over - 0 runs, 1 hit, 0 errors, 3 left on base; Tri-City 3 - Vermont 16
TOP OF THE 9TH
Tri-City ValleyCats batting - Pitching for Vermont Lake Monsters : RHP Ace Gaskins
Now at 1B: Chris Hamilton
Now at 3B: Jose Zamarripa
Batting: RHB Jorge Gutierrez 0-0: Foul Ball, location: 2F
0-1: Fly out, F9 (Line Drive, 9, EV 93.8 MPH)
Pinch Hitting: LHB Jackson Trottier 0-0: Ground out 6-3 (Groundball, 6M, EV 88.1 MPH)
Batting: SHB Salvador Gomez 0-0: Ground out 5-3 (Groundball, 5S, EV 88.1 MPH)
Top of the 9th over - 0 runs, 0 hits, 0 errors, 0 left on base; Tri-City 3 - Vermont 16
Wednesday, June 22nd , 2022 - OOTP Baseball 23.4 Build 64